 Dungeon Crawl Stone Soup version 0.30-a0-358-g0d69a1922f (webtiles) character file.

Game seed: 14807779335035244657

107920 Colgate the Transmogrifier (level 16, -10/111 HPs)
             Began as an Octopode Transmuter on Sept 26, 2022.
             Was the Champion of Lugonu.
             Mangled by an enormous slime creature (62 damage)
             ... on level 15 of the Dungeon on Nov 11, 2022.
             The game lasted 02:35:31 (42482 turns).

Colgate the Transmogrifier (Octopode Transmuter)   Turns: 42482, Time: 02:35:31

Health: -10/111    AC: 21    Str: 15    XL:     16   Next: 48%
Magic:  14/26      EV: 21    Int: 30    God:    Lugonu [******]
Gold:   868        SH:  0    Dex: 12    Spells: 11/29 levels left

rFire   + . .      SeeInvis +      - Unarmed
rCold   + . .      Faith    .    (shield currently unavailable)
rNeg    + . .      Spirit   .    (helmet currently unavailable)
rPois   ∞          Reflect  .    W - amulet of the acrobat
rElec   +          Harm     .    s - ring of protection from cold
rCorr   .          Rampage  .    A - +6 ring of strength
Will    +....                    z - +4 ring of protection
Stlth   +++.......               p - ring of fire
HPRegen 0.38/turn                G - ring "Ihaem" {+Blink rN+ SInv}
MPRegen 0.20/turn                R - ring of protection from cold
                                 S - ring of flight
                                 T - +6 ring of intelligence

@: storm-form, wereblooded, flying
A: cleaving, insubstantial, flying, almost no armour, amphibious, 8 rings,
(camouflage 1), (gelatinous body 1), (nimble swimmer 1), (tentacles)
a: Blinkbolt, End Transformation, Renounce Religion, Evoke Blink, Depart the
Abyss, Banish, Corrupt, Enter the Abyss, Brand Weapon With Distortion


You were on level 15 of the Dungeon.
You worshipped Lugonu.
Lugonu was exalted by your worship.
You were a lightning-filled tempest!
You visited 4 branches of the dungeon, and saw 23 of its levels.

You collected 2190 gold pieces.
You spent 1322 gold pieces at shops.

Inventory:

Missiles
 c - 3 datura-tipped darts
 h - 50 poisoned darts
 n - 3 curare-tipped darts
 y - 6 atropa-tipped darts
Armour
 r - a +1 hat (melded)
Jewellery
 p - a ring of fire (on tentacle)
 s - a ring of protection from cold (left tentacle)
 z - a +4 ring of protection (on tentacle)
 A - a +6 ring of strength (right tentacle)
 G - the ring "Ihaem" (on tentacle) {+Blink rN+ SInv}
   (You acquired it on level 1 of the Lair of Beasts)

   [ring of see invisible]

   rN:        It protects you from negative energy.
   SInv:      It lets you see invisible.
   +Blink:    It lets you blink.
 R - a ring of protection from cold (on tentacle)
 S - a ring of flight (on tentacle)
 T - a +6 ring of intelligence (on tentacle)
 W - an amulet of the acrobat (around neck)
Wands
 a - a wand of mindburst (8)
 q - a wand of roots (23) {@v2}
 D - a wand of flame (25)
 F - a wand of polymorph (6)
 P - a wand of light (12) {@v1}
 X - a wand of paralysis (6)
Scrolls
 d - 3 scrolls of summoning
 f - 6 scrolls of immolation
 j - 6 scrolls of teleportation {@r3}
 l - 2 scrolls of fear
 t - 3 scrolls of vulnerability
 u - 2 scrolls of blinking {@r4}
 v - 3 scrolls of fog
 w - 2 scrolls of amnesia
 E - a scroll of magic mapping {@r5}
 H - 3 scrolls of poison
 K - a scroll of silence
Potions
 b - 4 potions of flight
 e - 4 potions of brilliance
 g - 6 potions of heal wounds {@q2}
 i - 6 potions of lignification
 k - 6 potions of curing {@q1}
 m - 3 potions of attraction
 x - 5 potions of cancellation
 B - 2 potions of resistance {@q5}
 C - 2 potions of mutation
 I - a potion of might {@q3}
 U - 4 potions of magic
 V - 3 potions of haste {@q4}
 Z - 2 potions of ambrosia
Miscellaneous
 Q - a phial of floods
 Y - a box of beasts


   Skills:
 - Level 10.6 Fighting
 - Level 5.6 Dodging
 - Level 6.1 Stealth
 + Level 12.9 Unarmed Combat
 - Level 7.0 Spellcasting
 - Level 4.2 Translocations
 - Level 14.0 Transmutations
 - Level 1.6 Ice Magic
 - Level 14.0 Air Magic
 - Level 7.8 Invocations
 - Level 3.2 Evocations


You had 11 spell levels left.
You knew the following spells:

 Your Spells              Type           Power      Damage    Failure   Level
a - Beastly Appendage     Tmut           100%       N/A       0%          1
c - Wereblood             Tmut           76%        N/A       1%          2
e - Blink                 Tloc           70%        N/A       1%          2
f - Passwall              Tmut/Erth      42%        N/A       1%          2
g - Storm Form            Tmut/Air       38%        N/A       13%         7
h - Manifold Assault      Tloc           35%        N/A       9%          4

Your spell library contained the following spells:

 Spells                   Type           Power      Damage    Failure   Level
 Cigotuvi's Dreadful Rot  Necr/Pois/Air  76%        N/A       1%          2
 Poisonous Vapours        Pois/Air       100%       N/A       1%          2
 Mephitic Cloud           Conj/Pois/Air  38%        N/A       1%          3
 Spider Form              Tmut/Pois      51%        N/A       1%          3
 Ice Form                 Ice/Tmut       55%        N/A       1%          4
 Gell's Gravitas          Tloc           35%        N/A       2%          3
 Teleport Other           Tloc           35%        N/A       2%          3
 Kiss of Death            Conj/Necr      40%        2d8       4%          1
 Sandblast                Erth           20%        2d7       4%          1
 Hailstorm                Conj/Ice       15%        3d5       11%         3
 Confusing Touch          Hex            10%        N/A       14%         3
 Inner Flame              Hex/Fire       15%        N/A       14%         3
 Stone Arrow              Conj/Erth      20%        3d8       14%         3
 Summon Guardian Golem    Hex/Summ       10%        N/A       14%         3
 Dispel Undead            Necr           10%        3d9       43%         4
 Flame Wave               Conj/Fire      15%        2d7       43%         4
 Sticky Flame             Conj/Fire      15%        2d4       43%         4
 Dispersal                Tloc           17%        N/A       78%         6
 Simulacrum               Ice/Necr       7%         N/A       99%         6
 Orb of Destruction       Conj           5%         9d5       100%        7
 Spellforged Servitor     Conj/Summ      5%         N/A       100%        7


Dungeon Overview and Level Annotations

Branches:
Dungeon (15/15)            Temple (1/1) D:4            Lair (5/5) D:8
 Shoals (0/4) Lair:2        Snake (0/4) Lair:2        Slime (0/5) Lair:4
    Orc (2/2) D:12            Elf (0/3) Orc:2        Vaults (0/5) D:13
 Depths (0/4) D:15

Altars:
Ashenzari
Cheibriados
Dithmenos
Elyvilon
Fedhas
Gozag
Hepliaklqana
Kikubaaqudgha
Makhleb
Nemelex Xobeh
Okawaru
Qazlal
Ru
Sif Muna
Trog
Uskayaw
Vehumet
Wu Jian
Xom
Yredelemnul
Zin
The Shining One
Lugonu

Shops:
D:9 (*[   D:15 (   Orc:1 [(:[   Orc:2 [[*(

Portals:
Trove: D:12 (give 12 potions of heal wounds)
Gauntlet: D:15

Annotations:
Lair:2 corrupted
Lair:4 corrupted
Lair:5 exclusion: obsidian statue, Rupert
Abyss:1 Menkaure


Innate Abilities, Weirdness & Mutations

You are a lightning-filled tempest!
Your electrical attacks strike out in all directions at once.
You are incredibly evasive.
Your insubstantial body is immune to petrification, constriction, and being set on fire You are flying.
You are immune to poison.
Your armour is entirely melded.
You are incapable of wielding weapons or throwing items.
You cannot wear most types of armour.
You are amphibious.
You can wear up to eight rings at the same time.
((Your skin changes colour to match your surroundings (Stealth+).))
((Your rubbery body absorbs attacks. (AC +1, EV +1)))
((You are camouflaged when in or above water. (Stealth+)))
((You have tentacles for arms and can constrict up to eight enemies at once.))


Message History

You kill the two-headed ogre!
You swing at nothing.
You blast the two-headed ogre!!!
Lightning courses through the two-headed ogre!
The two-headed ogre completely misses you.
The two-headed ogre misses you.
You blast the two-headed ogre!!!
You feel a bit better.
You kill the two-headed ogre!
You swing at nothing.
You batter the troll!!
An enormous slime creature splits.
The troll misses you. x2
The troll barely misses you.
You batter the troll!!
You feel a bit better.
You kill the troll!
The troll's shape twists and changes as it dies.
Two slime creatures merge to form an enormous slime creature.
You swing at nothing.
You blast the boulder beetle!!!
You bellow as the wereblood boils in your veins!
The boulder beetle bites you!
You batter the boulder beetle!!
The boulder beetle completely misses you.
You buffet the boulder beetle!
Lightning courses through the boulder beetle!
You feel a bit better.
You kill the boulder beetle!
You blast the enormous slime creature!!!
Lightning courses through the enormous slime creature!
The enormous slime creature closely misses you.
You blast the enormous slime creature!!!
Lightning courses through the enormous slime creature!!
You punch the enormous slime creature. The enormous slime creature misses you.
You batter the enormous slime creature!!
You buffet the enormous slime creature!
The enormous slime creature hits you!!!
A slime creature comes into view.
You batter the enormous slime creature!!
You bellow as the wereblood boils in your veins!
You hear a shout!
The enormous slime creature hits you!!!
Ouch! That really hurt!
You die...

*,,,,,,,,,* *,,,,,,,,,* ****
*,,,,.,,,,* ,..* ###*#*
**,,..,,,** ,..#* #..,.###
*,,...,,,,* ....#*#.#*,..#
*,.(..,,,,* #....##.#**#.#
**.....,,,,*
≈≈≈.....####.#######......,,,,*
≈≈..#...........vJJ)......,,,,*
≈.≈...#..####.#######J....,,,**
§§§.....## #.# **,*...,,**
§≈§.#.#.# #.#*****,,***#***
#...#...# #..,,**,,*********
........### ###,,,,,,,,,,,,,,*
.....#....# *,*,,*,,,,,,,,,*
......###'#****,**,,,,,,,,,,,*
#####.#*#∩#,,,,,***,,,,,,,,,,*


You could see an enormous slime creature, a large slime creature and a slime
creature.

Vanquished Creatures
  3 orc warlords (Orc:2)
  Azrael (D:12)
  A dire elephant (Lair:5)
  A fire dragon (D:15)
  A hydra (Lair:5)
  5 vault guards
  5 centaur warriors
  A radroach (shapeshifter) (D:13)
  2 ogre magi
  4 boulder beetles
  A death yak (Lair:5)
  A death knight (D:14)
  Erica (D:8)
  5 orc high priests (Orc:2)
  15 two-headed ogres
  A tengu warrior (D:13)
  A deep troll earth mage (D:10)
  Sonja (D:12)
  A skeletal warrior (D:14)
  A wizard (D:13)
  Pikel (D:4)
  A lindwurm (Lair:3)
  A phantasmal warrior (D:14)
  2 deep elf pyromancers
  3 necromancers (Lair:5)
  5 orc knights
  An oklob plant (Lair:4)
  12 ugly things
  3 cyclopes
  6 orc sorcerers (Orc:2)
  A rust devil (D:14)
  Maurice (D:8)
  7 elephants
  3 manticores
  3 black mambas
  A dire elephant skeleton (Lair:5)
  3 gargoyles
  14 cane toads
  An unseen horror (D:10)
  2 kobold demonologists
  6 rime drakes
  5 komodo dragons
  A tengu conjurer (D:13)
  A freezing wraith (D:14)
  9 trolls
  A polar bear (Lair:5)
  A troll (shapeshifter) (D:15)
  13 blink frogs
  A polar bear (shapeshifter) (D:13)
  A hornet (D:10)
  4 slime creatures
  A centaur simulacrum (D:10)
  A dire elephant simulacrum (Lair:5)
  5 fire elementals (D:12)
  2 vampires
  2 shadows
  3 wraiths
  5 wyverns
  27 yaks
  A human (D:13)
  2 steam dragons
  5 basilisks
  7 vampire mosquitoes
  A death yak simulacrum (Lair:5)
  A spectral cane toad (Lair:5)
  Edmund (D:5)
  A warg (Orc:2)
  An acid dragon (D:11)
  A hell hound (D:12)
  18 water moccasins
  An ice beast (D:5)
  A meliai simulacrum (D:14)
  37 orc warriors
  3 black bears
  9 wolves
  2 lemures (D:4)
  6 ogres
  2 elephant skeletons (Lair:5)
  8 centaurs
  A phantom (D:7)
  8 kobold brigands
  3 necrophages
  10 bullfrogs
  2 cane toad simulacra (Lair:5)
  2 gnoll sergeants (D:10)
  3 scorpions
  11 wights
  21 killer bees
  An elephant simulacrum (Lair:5)
  9 howler monkeys
  2 jellies (D:6)
  2 hounds
  Crazy Yiuf (D:5)
  2 gnoll boudas
  22 orc priests
  20 orc wizards
  Ijyb (D:5)
  4 hell rats (Lair:1)
  5 gnolls
  4 adders
  16 river rats (Lair:1)
  3 shadow imps
  4 white imps
  2 ufetubi (D:6)
  3 worms
  A dart slug (D:3)
  91 orcs
  2 bats (D:2)
  A bat zombie (D:7)
  2 endoplasms (D:2)
  A giant cockroach (D:1)
  3 goblins
  2 hobgoblins
  4 jackals (D:2)
  15 kobolds
  6 quokkas
  A frilled lizard (D:1)
  16 rats
  2 rat zombies (D:7)
629 creatures vanquished.

Vanquished Creatures (others)
  8 death yaks
  A cane toad (Lair:2)
  A komodo dragon (Lair:2)
  3 yaks (Lair:4)
  2 nagas (Lair:2)
  A water moccasin (Lair:2)
  A butterfly (Lair:4)
  69 fungi
  86 plants
  4 starspawn tentacles
  17 withered plants (Lair:5)
193 creatures vanquished.

Grand Total: 822 creatures vanquished

Notes
Turn   | Place    | Note
-------+----------+-------------------------------------------
     0 | D:1      | Colgate the Octopode Transmuter began the quest for the
                  | Orb.
     0 | D:1      | Reached XP level 1. HP: 13/13 MP: 3/3
    94 | D:1      | Reached skill level 1 in Stealth
   427 | D:1      | Reached XP level 2. HP: 19/19 MP: 3/5
   723 | D:2      | Found a faded altar of an unknown god.
   755 | D:2      | Prayed at the altar of an unknown god.
   755 | D:2      | Became a worshipper of Lugonu the Unformed
   755 | D:2      | Reached * piety under Lugonu
   755 | D:2      | Reached ** piety under Lugonu
   756 | D:2      | Upgraded the game from 0.30-a0-142-g7370640ec8 to
                  | 0.30-a0-154-gb106f4c828
   766 | D:2      | Upgraded the game from 0.30-a0-154-gb106f4c828 to
                  | 0.30-a0-253-g6b895097cc
   766 | D:2      | Upgraded the game from 0.30-a0-253-g6b895097cc to
                  | 0.30-a0-347-gf58ed5266c
   766 | D:2      | Upgraded the game from 0.30-a0-347-gf58ed5266c to
                  | 0.30-a0-358-g0d69a1922f
  1254 | D:2      | Reached XP level 3. HP: 25/25 MP: 3/6
  1258 | D:2      | Learned a level 3 spell: Spider Form
  1278 | D:2      | Found a bloodstained altar of Trog.
  1668 | D:2      | Learned a level 2 spell: Wereblood
  2396 | D:3      | Reached skill level 1 in Invocations
  2411 | D:3      | Reached XP level 4. HP: 28/30 MP: 0/7
  3558 | D:4      | Found a staircase to the Ecumenical Temple.
  3567 | Temple   | Entered the Ecumenical Temple
  3567 | Temple   | Found a transporter.
  3567 | Temple   | Found a transporter.
  3569 | Temple   | Found a transporter.
  3569 | Temple   | Found a transporter.
  4093 | D:4      | Noticed a lemure
  4261 | D:4      | Found a snail-covered altar of Cheibriados.
  4262 | D:4      | Found a hide-covered altar of Uskayaw.
  4428 | D:4      | Noticed a lemure
  4443 | D:5      | Entered Level 5 of the Dungeon
  4496 | D:5      | Noticed Edmund
  4743 | D:5      | Noticed Ijyb
  4753 | D:5      | Killed Ijyb
  4754 | D:5      | Reached XP level 5. HP: 14/35 MP: 5/8
  4948 | D:5      | Noticed an ogre
  5113 | D:5      | Noticed Menkaure
  5132 | D:5      | Banished Menkaure
  5133 | D:5      | Reached skill level 5 in Invocations
  5133 | D:5      | Reached XP level 6. HP: 40/40 MP: 4/9
  5227 | D:5      | Noticed an ice beast
  5736 | D:6      | Found a shadowy altar of Dithmenos.
  5747 | D:6      | Reached XP level 7. HP: 45/45 MP: 7/11
  6103 | D:6      | HP: 2/45 [white imp (2)]
  6968 | D:6      | Reached skill level 5 in Transmutations
  7001 | D:6      | Reached skill level 1 in Ice Magic
  7045 | D:6      | Reached *** piety under Lugonu
  7046 | D:6      | Reached XP level 8. HP: 51/51 MP: 6/12
  7097 | D:6      | Learned a level 4 spell: Ice Form
  7461 | D:6      | Found a broken altar of Ashenzari.
  7514 | D:7      | Identified a scroll of acquirement
  7793 | D:6      | Reached skill level 5 in Unarmed Combat
  9472 | D:7      | Found an ancient bone altar of Kikubaaqudgha.
 10035 | D:8      | Noticed a two-headed ogre
 10111 | D:8      | Noticed Maurice
 10150 | D:8      | Reached XP level 9. HP: 22/57 MP: 4/13
 10155 | D:8      | Killed Maurice
 10581 | D:5      | Found a runed translucent door.
 10613 | D:5      | Noticed Crazy Yiuf
 10640 | D:5      | Reached skill level 5 in Fighting
 10752 | D:5      | Killed Crazy Yiuf
 11039 | D:5      | Killed Edmund
 11555 | D:5      | Reached skill level 1 in Translocations
 12324 | D:4      | Noticed Pikel
 12354 | D:4      | Killed Pikel
 12879 | D:8      | Reached XP level 10. HP: 66/66 MP: 13/15
 13023 | D:8      | Found a staircase to the Lair.
 13082 | D:8      | Banished a two-headed ogre
 13117 | D:8      | Acquired an Inescapable Atlas
 13122 | D:8      | Learned a level 2 spell: Blink
 13306 | D:8      | Identified the +1 helmet of Tartarus {Harm SInv}
 13410 | D:8      | Reached skill level 1 in Evocations
 14039 | D:8      | Noticed Erica
 14504 | D:9      | Found Xeeb's General Store.
 14540 | D:9      | Reached **** piety under Lugonu
 14658 | D:9      | Found Coag's Armour Shop.
 14670 | D:9      | Identified the +3 leather armour "Oroef" {Harm Will++ Int+3
                  | Stlth+}
 14757 | D:9      | Found the +4 robe of Augmentation {Str+4 Int+4 Dex+4}
 14890 | D:9      | Found Caetzax's Antique Weapon Shoppe.
 15319 | D:9      | Found Caetzax's Antique Weapon Shoppe.
 15407 | D:9      | Found Xeeb's General Store.
 15424 | D:9      | Found Coag's Armour Shop.
 15610 | D:10     | Entered Level 10 of the Dungeon
 15612 | D:10     | Found a runed translucent door.
 15752 | D:10     | Reached XP level 11. HP: 74/74 MP: 6/16
 15852 | D:10     | Reached skill level 10 in Unarmed Combat
 16030 | D:10     | Noticed a deep elf pyromancer
 16048 | D:10     | Killed a deep elf pyromancer
 16307 | D:10     | Noticed a centaur warrior
 16330 | D:10     | Killed a centaur warrior
 16356 | D:10     | Noticed a cyclops
 16361 | D:10     | Killed a cyclops
 16371 | D:10     | Noticed a centaur warrior
 16386 | D:10     | Killed a centaur warrior
 16408 | D:10     | Noticed a deep troll earth mage
 16421 | D:10     | Noticed a red ugly thing
 16422 | D:10     | Noticed an orc knight
 16711 | Lair:1   | Entered Level 1 of the Lair of Beasts
 17193 | Lair:1   | Identified the +1 leather armour of the Depths {rElec MP+9
                  | Str+7}
 17225 | Lair:1   | Acquired the ring "Ihaem" {+Blink rN+ SInv}
 18054 | Lair:1   | Reached ***** piety under Lugonu
 18911 | Lair:2   | Reached XP level 12. HP: 84/84 MP: 14/17
 19310 | Lair:2   | Identified the +7 mace "Ennaonule" {flame, rF+}
 19312 | Lair:2   | Noticed a death yak
 19460 | Lair:2   | Noticed a death yak
 19460 | Lair:2   | Noticed a death yak
 19465 | Lair:2   | Corrupted Lair:2
 19465 | Lair:2   | Noticed a profane servitor
 19465 | Lair:2   | Noticed a starcursed mass
 19465 | Lair:2   | Noticed a tentacled starspawn
 19465 | Lair:2   | Noticed a starcursed mass
 19465 | Lair:2   | Noticed a tentacled starspawn
 19465 | Lair:2   | Noticed a thrashing horror
 19465 | Lair:2   | Noticed a hellephant
 19465 | Lair:2   | Noticed a starcursed mass
 19465 | Lair:2   | Noticed a large abomination
 19465 | Lair:2   | Noticed a thrashing horror
 19465 | Lair:2   | Noticed a tentacled starspawn
 19466 | Lair:2   | Noticed a thrashing horror
 19469 | Lair:2   | Noticed a death yak
 19470 | Lair:2   | Killed a death yak
 19471 | Lair:2   | Killed a death yak
 19473 | Lair:2   | Killed a death yak
 19476 | Lair:2   | Killed a death yak
 19477 | Lair:2   | Killed a death yak
 19480 | Lair:2   | Noticed a bone dragon
 19536 | Lair:2   | Noticed a starcursed mass
 19951 | Lair:2   | Found a staircase to the Shoals.
 19963 | Lair:2   | Found a staircase to the Snake Pit.
 20643 | Lair:3   | Identified the +5 great mace of Pyromania {flame, rF- rCorr
                  | SInv Stlth+}
 20715 | Lair:3   | Reached skill level 10 in Transmutations
 20969 | Lair:3   | Reached skill level 5 in Spellcasting
 21138 | D:9      | Bought a crystal sling for 169 gold pieces
 21138 | D:9      | Identified the +4 sling of Mayhem {drain, Str+2 Dex+4} (You
                  | bought it in a shop on level 9 of the Dungeon)
 21138 | D:9      | Bought a fading rapier for 234 gold pieces
 21138 | D:9      | Identified the +4 rapier of Putrescence {protect, rC+ SInv}
                  | (You bought it in a shop on level 9 of the Dungeon)
 21138 | D:9      | Bought a shimmering glaive for 299 gold pieces
 21138 | D:9      | Identified the +2 glaive "Killer Klown's Curse" {vorpal,
                  | Str+2 Dex+3} (You bought it in a shop on level 9 of the
                  | Dungeon)
 21163 | D:10     | Noticed a two-headed ogre
 21361 | Lair:3   | Noticed a six-headed hydra
 22307 | Lair:3   | Banished a six-headed hydra
 22609 | Lair:4   | Found a staircase to the Slime Pits.
 23140 | Lair:4   | Noticed a death yak
 23208 | Lair:4   | Noticed a death yak
 23515 | D:8      | Killed Erica
 23768 | Lair:4   | Noticed a death yak
 23776 | Lair:4   | Corrupted Lair:4
 23776 | Lair:4   | Noticed a tentacled starspawn
 23779 | Lair:4   | Noticed a large abomination
 23780 | Lair:4   | Killed a death yak
 23783 | Lair:4   | Killed a death yak
 23791 | Lair:4   | Killed a death yak
 24184 | Lair:4   | Reached XP level 13. HP: 40/89 MP: 8/23
 24667 | Lair:4   | Found a staircase to the Slime Pits.
 24682 | Lair:5   | Entered Level 5 of the Lair of Beasts
 25374 | Lair:5   | Noticed Rupert
 25430 | Lair:5   | Reached skill level 1 in Air Magic
 25882 | Lair:5   | Reached XP level 14. HP: 95/95 MP: 24/24
 26412 | Lair:5   | Learned a level 2 spell: Passwall
 26848 | Lair:5   | Noticed a dire elephant
 26848 | Lair:5   | Noticed a dire elephant
 26848 | Lair:5   | Noticed a dire elephant
 26849 | Lair:5   | Noticed a dire elephant
 26878 | Lair:5   | Killed a dire elephant
 27353 | Lair:5   | Identified the +7 flail "Waaraosch" {holy, *Noise rN++}
 27678 | Lair:5   | Reached skill level 10 in Air Magic
 28392 | D:10     | Learned a level 7 spell: Storm Form
 29604 | D:11     | Identified the +4 plate armour of the Morning Star {*Slow
                  | +Inv Str+3 Int+2}
 29790 | D:11     | Reached XP level 15. HP: 100/100 MP: 19/25
 31329 | D:12     | Noticed Sonja
 31479 | D:12     | Killed Sonja
 31855 | D:12     | Found a staircase to the Orcish Mines.
 32151 | D:12     | Noticed Azrael
 32168 | D:12     | Killed Azrael
 32177 | D:12     | Learned a level 4 spell: Manifold Assault
 33364 | D:12     | Found a portal to a secret trove of treasure.
 33463 | Orc:1    | Entered Level 1 of the Orcish Mines
 33803 | Orc:1    | Found Daigawol's Armour Shop.
 33816 | Orc:1    | Found a radiant altar of Vehumet.
 33878 | Orc:1    | Found Lellapru's Antique Weapon Emporium.
 34218 | Orc:1    | Found Mugruihe's Book Emporium.
 34480 | Orc:1    | Found Kicicit's Armour Boutique.
 34509 | Orc:2    | Entered Level 2 of the Orcish Mines
 35898 | Orc:2    | Reached skill level 5 in Dodging
 36038 | Orc:2    | Noticed an orc warlord
 36064 | Orc:2    | Killed an orc warlord
 36416 | Orc:2    | Found Ceijay's Weapon Boutique.
 36582 | Orc:2    | Found Tutethraos's Assorted Antiques.
 37274 | Orc:2    | Noticed an orc warlord
 37283 | Orc:2    | Killed an orc warlord
 37709 | Orc:2    | Found a staircase to the Elven Halls.
 38062 | Orc:2    | Noticed an orc warlord
 38135 | Orc:2    | Killed an orc warlord
 38135 | Orc:2    | Reached ****** piety under Lugonu
 38480 | Orc:2    | Found Ebluezes's Armour Boutique.
 38540 | Orc:2    | Found Galol's Armour Shop.
 38639 | Orc:2    | Bought 2 potions of haste for 620 gold pieces
 40539 | D:13     | Reached XP level 16. HP: 108/108 MP: 14/26
 40664 | D:13     | Found a gate to the Vaults.
 41118 | D:14     | Reached skill level 5 in Stealth
 41225 | D:14     | Found a burning altar of Makhleb.
 41507 | D:14     | Reached skill level 10 in Fighting
 41850 | D:14     | Identified the +0 robe "Naruif" {Rampage Drain rN+ Int+4}
 42408 | D:15     | Entered Level 15 of the Dungeon
 42421 | D:15     | Found Yfal's Weapon Boutique.
 42437 | D:15     | Found a gate leading to a gauntlet.
 42482 | D:15     | Mangled by an enormous slime creature

Illustrated notes

Levels and vault maps discovered:
D:1:      dpeg_arrival_stonehenge_8_columns, layout_rooms
D:2:      layout_basic, basic_altar, ebering_ecumenical_altar_mist
D:3:      layout_basic, serial_bayou, serial_bayou_pond_a, serial_bayou_shore_b,
          serial_bayou_shore_a, serial_bayou_pond_d, minivault_27,
          minmay_misc_feat_five, nicolae_concentric_dashed_squares_mild,
          kennysheep_generic_room_12
D:4:      layout_gridville, mainiacjoe_overflow_divided_tiny,
          minmay_temple_entry_overgrown, nrook_mini_backslash, uniq_pikel
D:5:      minmay_inner_zag, layout_basic, roderic_lattice_a, uniq_menkaure,
          uniq_edmund, uniq_crazy_yiuf_cottage, uniq_ijyb
D:6:      layout_loops_ring, mainiacjoe_overflow_alcove_4,
          mainiacjoe_overflow_catwalk
D:7:      layout_loops_cross, lemuel_zombie_altar_kikubaaqudgha
D:8:      layout_rooms, due_lair_maze_entry_diamond, serial_curves,
          eino_curves_03, eino_curves_02, eino_curves_04, eino_curves_03,
          nicolae_zen_rock_garden, uniq_maurice, uniq_erica
D:9:      layout_cave_pools, serial_shops, nicolae_diamond_shop, shop,
          nicolae_square_shop
D:10:     minmay_the_grid_4x2 [minmay_the_grid_eight, minmay_the_grid_plusring,
          minmay_the_grid_spin_star, minmay_the_grid_expand,
          minmay_the_grid_holed_spiral, minmay_the_grid_box_x,
          minmay_the_grid_stretched_grid, minmay_the_grid_prize_inner_circle],
          layout_cave_pools, minmay_misc_feat_tiny, minmay_st_funbox, kb_rosetta
D:11:     layout_loops_cross
D:12:     layout_stronghold, orc_0_dummy, enter_trove_5, uniq_sonja, uniq_azrael
D:13:     layout_basic, grunt_vaults_entry_fortified, grunt_ministairs_15,
          nicolae_figureground_pulse
D:14:     layout_basic, hex_tiny, demons_altar
D:15:     grunt_enter_depths_giant_problem, layout_rooms,
          gauntlet_entry_generic, minmay_misc_feat_more_columns, serial_shops,
          nicolae_shop_window_shopping, uniq_agnes
Temple:   hellmonk_temple_divided_pantheon
Lair:1:   lemuel_ratsnest, layout_gridlike
Lair:2:   layout_layer_cave, elwin_shoals_entry_rocks,
          guppyfry_snake_entry_island, grunt_megastairs_5
Lair:3:   layout_roguey, nicolae_volcano_entry_vermiform,
          infiniplex_staircase_pool_2
Lair:4:   layout_hall_layers, slime_entry_1, lemuel_fruit_fields
Lair:5:   due_jungle_book, layout_cave_pods, uniq_rupert
Orc:1:    layout_caves, basic_altar, serial_shops, shop,
          nicolae_shop_hallway_plus, nicolae_shop_behind_doors,
          nicolae_lakefront_shop
Orc:2:    pubby_orc_utopia, serial_shops

Skill      XL: |  1  2  3  4  5  6  7  8  9 10 11 12 13 14 15 16 |
---------------+-------------------------------------------------+-----
Stealth        | 1 3 4 6 |  6.1
Fighting       | 2 3 5 6 8 9 10 | 10.6
Transmutations | 3 5 7 8 12 13 14 | 14.0
Invocations    | 1 3 5 6 7 |  7.8
Unarmed Combat | 4 5 6 9 11 12 | 12.9
Ice Magic      | 1 |  1.6
Spellcasting   | 3 6 7 |  7.0
Translocations | 1 2 4 |  4.2
Dodging        | 3 4 5 |  5.6
Evocations     | 1 3 |  3.2
Air Magic      | 7 12 13 14 | 14.0

Action                   |  1- 3 |  4- 6 |  7- 9 | 10-12 | 13-15 | 16-18 || total
-------------------------+-------+-------+-------+-------+-------+-------++-------
Melee: Unarmed           |    33 |    96 |   210 |   473 |   792 |   121 ||  1725
       Constrict         |    13 |       |     4 |     3 |     2 |       ||    22
       Kick              |     9 |       |       |       |       |       ||     9
       Tentacles         |    11 |       |     2 |     8 |     3 |       ||    24
       Punch             |     1 |       |     1 |     2 |    42 |    13 ||    59
       Whip              |    28 |     5 |    14 |       |       |       ||    47
       Mace              |       |       |       |       |     3 |       ||     3
 Cast: Beastly Appendage |    17 |       |       |       |       |       ||    17
       Spider Form       |     6 |    23 |    17 |     2 |       |       ||    48
       Wereblood         |     1 |       |     5 |    16 |    11 |     1 ||    34
       Ice Form          |       |       |    39 |    96 |    27 |       ||   162
       Storm Form        |       |       |       |       |    89 |    17 ||   106
       Manifold Assault  |       |       |       |       |    64 |     3 ||    67
Invok: Banish            |       |     1 |       |     3 |       |       ||     4
       Corrupt           |       |       |       |     2 |       |       ||     2
 Abil: End Transformatio |       |       |       |     1 |     2 |       ||     3
       Blinkbolt         |       |       |       |       |     5 |       ||     5
Evoke: Wand              |       |     2 |     1 |       |     4 |       ||     7
       Phial of floods   |       |       |       |       |     1 |       ||     1
  Use: Scroll            |     7 |     4 |     4 |    10 |     9 |     2 ||    36
       Potion            |       |       |     5 |     4 |     1 |       ||    10
 Stab: Sleeping          |     4 |     1 |       |     4 |     6 |     2 ||    17
       Distracted        |       |       |       |       |     1 |       ||     1
Armor: Skin              |     3 |     7 |    62 |   155 |   202 |    14 ||   443
Dodge: Dodged            |    40 |    49 |   163 |   203 |   371 |    71 ||   897

Table legend: (Time is in decaauts)
 A = Elapsed time spent in this place.
 B = Non-inter-level travel time spent in this place.
 C = Inter-level travel time spent in this place.
 D = Time resting spent in this place.
 E = Time spent auto-exploring this place.
 F = Levels seen in this place.
 G = Mean time per level.
                   A        B        C        D        E       F      G
               +--------+--------+--------+--------+--------+-----+--------+
         Total |  42200 |  40468 |   1732 |   6157 |  28938 |  23 | 1834.8 |
       Dungeon |  26490 |  25375 |   1115 |   3738 |  18451 |  15 | 1766.0 |
        Temple |     36 |     36 |      0 |      0 |      6 |   1 |   36.0 |
          Lair |  10424 |   9994 |    430 |   1645 |   6830 |   5 | 2084.8 |
  Orcish Mines |   5248 |   5062 |    186 |    774 |   3651 |   2 | 2624.0 |
               +--------+--------+--------+--------+--------+-----+--------+

Top non-repeatable levels by time:
   Orc:2: 4242 daAuts
     D:5: 3576 daAuts
  Lair:5: 2786 daAuts
    D:12: 2728 daAuts
     D:6: 2269 daAuts
     D:7: 2168 daAuts
  Lair:1: 2135 daAuts
    D:10: 2117 daAuts
     D:8: 2041 daAuts
     D:9: 1981 daAuts
  Lair:4: 1941 daAuts
    D:13: 1894 daAuts
  Lair:3: 1796 daAuts
  Lair:2: 1764 daAuts
     D:3: 1649 daAuts
